 Dungeon Crawl Stone Soup version 0.17-a0-1092-gc664a5b (console) character file.

41 Monkaria the Skirmisher (level 3, -1/31 HPs)
             Began as a Demonspawn Chaos Knight on May 20, 2015.
             Slain by a shadow imp (4 damage)
             ... summoned by Natasha
             ... on level 2 of the Dungeon.
             The game lasted 00:01:55 (883 turns).

Monkaria the Skirmisher (Demonspawn Chaos Knight)    Turns: 883, Time: 00:01:55

Health: -1/31      AC:  6    Str: 17    XL:     3   Next: 32%
Magic:  3/3        EV: 11    Int: 13    God:    Xom [...*..]
Gold:   46         SH:  0    Dex: 12    Spells: 0 memorised, 2 levels left

rFire  . . .     SeeInvis .     a - +0 falchion (chaos)
rCold  . . .     Clarity  .     b - +2 leather armour
rNeg   . . .     SustAb   .     (no shield)
rPois  .         Gourm    .     (no helmet)
rElec  .         Spirit   .     (no cloak)
rCorr  .         Warding  .     (no gloves)
rMut   .         Stasis   .     (no boots)
MR     .....                    (no amulet)
Stlth  +.........               (no ring)
                                o - +4 ring of strength

@: confused, slowed, very slow, not resistant to hostile enchantments, very
unstealthy
A: rugged brown scales 1, powered by death 1
a: Renounce Religion


You were on level 2 of the Dungeon.
You worshipped Xom.
You were a favourite toy of Xom.
You were not hungry.

You visited 1 branch of the dungeon, and saw 3 of its levels.

You collected 46 gold pieces.

Inventory:

Hand weapons
 a - a +0 falchion of chaos (weapon)
Armour
 b - a +2 leather armour (worn)
Jewellery
 o - a +4 ring of strength (left hand)
Scrolls
 g - a scroll of identify {unknown}
 j - a scroll of blinking {unknown}
 k - 2 scrolls of amnesia {unknown}
 m - 2 scrolls of remove curse {unknown}
 n - 2 scrolls of teleportation {unknown}
Potions
 d - a potion of cancellation {unknown}
 e - a potion of beneficial mutation {unknown}
 f - 2 potions of curing {unknown}
Comestibles
 c - 2 bread rations
 h - a beef jerky
 i - 5 fruits
 l - a chunk of flesh


   Skills:
 - Level 4.4 Fighting
 + Level 2.7 Long Blades
 - Level 1.7 Armour
 - Level 0.8 Dodging


You had 2 spell levels left.
You didn't know any spells.

Dungeon Overview and Level Annotations

Branches:
Dungeon (3/15)

Altars:

Annotations:
D:2 Natasha


Innate Abilities, Weirdness & Mutations

You are partially covered in rugged brown scales (AC +1, +3% HP).
You can steal the life force of nearby defeated enemies.


Message History

Unknown command.
You closely miss Natasha.
Natasha zaps a wand.
You resist with significant effort.
It is a wand of confusion.
The shadow imp barely misses you. Natasha claws you.
You closely miss Natasha. The shadow imp closely misses you.
Natasha barely misses you.
The shadow imp hits you but does no damage.
Natasha zaps a wand.
You are confused.
The shadow imp closely misses you.
Unknown command.
You closely miss Natasha. Natasha claws you.
* * * LOW HITPOINT WARNING * * *
The shadow imp hits you.
* * * LOW HITPOINT WARNING * * *
Natasha casts a spell at thin air.
A cloud of flames roars to life!
You bump into the rock wall.
The shadow imp hits you.
You die...
Xom guffaws!

.. ##. ...
######### # #(###
#.......# #.
#...###.#####.#
#.#####.........#.#
...#ยง(.###.###.#.#
#####.#.###
#.###.#.####
#.....5@..#
#..........#
#.###.h.#.#
####..####.#
........# #..# #.#
#####.#### #..##
#.# #.# #...# #.#
#+# #.#.# #.# #.#.#
#<# ##.....##
#.#.###.#
##r......##
##.......#


You could see Natasha and a shadow imp.

Vanquished Creatures
  An adder (D:2)
  2 giant geckos (D:1)
  A ball python (D:1)
  3 giant cockroaches
  2 hobgoblins (D:1)
  5 kobolds
  4 bats
  4 giant newts
  7 goblins
  A rat (D:1)
30 creatures vanquished.

Notes
Turn   | Place    | Note
--------------------------------------------------------------
     0 | D:1      | Monkaria the Demonspawn Chaos Knight began the quest for the Orb.
     0 | D:1      | Reached XP level 1. HP: 18/18 MP: 1/1
    38 | D:1      | XOM: potion effect (brilliance)
   122 | D:1      | Gained mutation: You are partially covered in rugged brown scales (AC +1, +3% HP). [demonic ancestry]
   122 | D:1      | Reached XP level 2. HP: 18/24 MP: 2/2
   188 | D:1      | XOM: harmless Hex miscast
   445 | D:1      | Reached skill level 4 in Fighting
   503 | D:1      | XOM: divination: magic mapping
   520 | D:1      | XOM: colour smoke trail
   648 | D:1      | XOM: 3-stop teleportation journey
   749 | D:2      | Gained mutation: You can steal the life force of nearby defeated enemies. [demonic ancestry]
   749 | D:2      | Reached XP level 3. HP: 28/31 MP: 3/3
   756 | D:2      | You fall through a shaft!
   756 | D:3      | XOM: 6-stop teleportation journey
   785 | D:3      | Noticed a scorpion
   874 | D:2      | Noticed Natasha
   883 | D:2      | Slain by a shadow imp

Vault maps used:
D:1:      minmay_arrival_open_corners
D:2:      lightli_temple_of_fire, lemuel_old_faithful, uniq_natasha

Action                   || total
-------------------------++-------
Melee: Falchion          ||    95
 Stab: Paralysed         ||     1
       Petrifying        ||     1
